cohdb
Replays
Latest Replays
All Replays
Popular Replays
Top Player Replays
Match Explorer
How It Works
Community
CoH3 Stats
Reddit
Sign in to upload your games and track your stats! →
Sign in with Steam
Match 42177825
Unlisted
Match 42177825
Overview
Messages
Build Orders
End
Construct Infanterie Kompanie
Selects Terror Battlegroup
Selects Machine Gun Camouflage
MG 42 Machine Gun Team
GrW 34 Mortar Team
MG 42 Machine Gun Team
Construct Panzergrenadier Kompanie
Panzergrenadier Squad
251 Medium Carrier
Pioneer Squad
Pak 40 Anti-tank Gun Team
Panzergrenadier Officer Quarters
Selects Contempt for the Weak
Selects Propaganda Leaflet Drop
Panzergrenadier Squad
Ori
MZMZ
I scream
jerjawe
♥ ~Lady Rytsu~ ♥
GRANDMOM
StriderRx
Clara
0
0
Comments
sign in to comment!
No comments posted yet!